 Dungeon Sprint DCSS version 0.23.0 (webtiles) character file.

Game seed: 5016966560241203019

3803 Groucho the Protected (level 9, -3/93 HPs)
             Began as a Deep Dwarf Fighter on Feb 11, 2019.
             Was a High Priest of Makhleb.
             Killed from afar by a deep elf mage (33 damage)
             ... with a bolt of fire
             ... in the Dungeon (Sprint III: "The Ten Rune Challenge").
             The game lasted 00:08:51 (1439 turns).

Groucho the Protected (Deep Dwarf Fighter)          Turns: 1439, Time: 00:08:51

Health: -3/93      AC: 10    Str: 22    XL:     9   Next: 96%
Magic:  6/7        EV:  9    Int: 12    God:    Makhleb [*****.]
Gold:   641        SH: 12    Dex: 12    Spells: 8/8 levels left

rFire    . . .     SeeInvis .   a - +0 war axe
rCold    . . .     Gourm    .   c - +0 shield
rNeg     . . .     Faith    .   b - +0 scale mail
rPois    .         Spirit   .   (no helmet)
rElec    .         Reflect  .   (no cloak)
rCorr    .         Harm     .   (no gloves)
MR       +....     NoTele   +   (no boots)
Stlth    ..........             (no amulet)
HPRegen  0.00/turn              (no ring)
MPRegen  0.10/turn              (no ring)

@: liquid flames, non-regenerating, glowing
A: damage resistance, heal wounds, clever 1, sense surroundings 2, shaggy fur 1,
no regeneration
a: Heal Wounds, Minor Destruction, Lesser Servant of Makhleb, Major Destruction,
Greater Servant of Makhleb, Renounce Religion


You were in the Dungeon.
You worshipped Makhleb.
Makhleb was extremely pleased with you.
You were not hungry.

You visited 1 branch You collected 935 gold pieces.
You spent 294 gold pieces at shops.

Inventory:

Hand Weapons
 a - a +0 war axe (weapon)
 e - a +1 scimitar of flaming
Armour
 b - a +0 scale mail (worn)
 c - a +0 shield (worn)
Scrolls
 n - a scroll of holy word {unknown}
 o - 3 scrolls of identify
 p - 2 scrolls of remove curse {unknown}
 r - a scroll of immolation {unknown}
Potions
 d - a potion of might
 h - a potion of resistance
 i - 2 potions of magic
 j - 2 potions of curing
 m - a potion of mutation
 q - 4 potions of flight
 s - a potion of cancellation {unknown}
Comestibles
 f - 3 rations


   Skills:
 + Level 9.9 Fighting
 + Level 13.7 Axes
 + Level 13.9 Armour
 + Level 11.6 Shields
 + Level 3.3 Invocations


You had 8 spell levels left.
You didn't know any spells.
Your spell library contained the following spells:

 Spells                   Type           Power        Failure   Level  Hunger
 Animate Skeleton         Necr           N/A          71%         1    ##.....
 Apportation              Tloc           #.....       71%         1    ##.....
 Confusing Touch          Hex            #.....       71%         1    ##.....
 Magic Dart               Conj           #...         71%         1    ##.....
 Summon Small Mammal      Summ           #...         71%         1    ##.....
 Blink                    Tloc           N/A          83%         2    ###....
 Call Imp                 Summ           #.......     83%         2    ###....
 Slow                     Hex            #.......     83%         2    ###....
 Conjure Flame            Conj/Fire      #.......     97%         3    ####...
 Mephitic Cloud           Conj/Pois/Air  #.......     97%         3    ####...


Dungeon Overview and Level Annotations

Branches:
Dungeon (1/1)

Altars:
Cheibriados
Dithmenos
Elyvilon
Fedhas
Gozag
Hepliaklqana
Kikubaaqudgha
Makhleb
Nemelex Xobeh
Okawaru
Qazlal
Ru
Sif Muna
Trog
Uskayaw
Vehumet
Wu Jian
Xom
Yredelemnul
Zin
The Shining One
Beogh
Jiyva
Lugonu

Shops:
D !


Innate Abilities, Weirdness & Mutations

You are resistant to damage.
You can heal yourself by infusing magical energy.
You passively map the area around you.
You do not regenerate.
Your mind is acute. (Int +2)
You are covered in fur. (AC +1)


Message History

The deep elf mage is severely wounded.
You hit the ice beast.
The ice beast hits you but does no damage.
Unknown command.
Unknown command.
You slice the deep elf mage!!
You kill the deep elf mage!
Makhleb accepts your kill.
You feel better.
The ice beast disappears in a puff of smoke! x2
Your Invocations skill gained 2 levels and is now at level 3!
The deep elf mage gestures at you while chanting.
The sticky flame hits you.
You are covered in liquid flames!
Unknown command.
You are covered in liquid flames!
The deep elf mage gestures at you while chanting.
The bolt of fire hits your orange demon!!
The bolt of fire hits you!!!
You die...

▓▓▓▓ ▓▓▓
######.#.#####)####### *
_#__#.###∩.....'@#...# ,
, .#._#..........#4#...#
≈ ≈ * ,
##)##........###)#...≈≈≈
,
[)).#..)......##§#...##≈≈
≈ *
).).#..##.###.##e'...# +
, ,, ###)#....##
#.#######* * ***
#...#§##### ## * ***
#..)#§§≈≈§+ ,+ ,, ≈
#...#§#§§§#


You could see a deep elf mage and a friendly orange demon.

Vanquished Creatures
  Erica (D)
  An orc knight (D)
  3 deep elf magi (D)
  A shadow (D)
  A spatial vortex (D)
  A necrophage (D)
  A water elemental (D)
  A scorpion (D)
  A jelly (D)
  A wizard (D)
  2 orc priests (D)
  A necromancer (D)
  3 humans (D)
  A kobold demonologist (D)
  An ooze (D)
  15 orcs (D)
  3 rats (D)
38 creatures vanquished.

Vanquished Creatures (collateral kills)
  2 deep elf magi (D)
2 creatures vanquished.

Vanquished Creatures (others)
  2 draconian scorchers (D)
  3 yaktaurs (D)
  6 hellions (D)
  3 plants (D)
14 creatures vanquished.

Grand Total: 54 creatures vanquished

Notes
Turn   | Place    | Note
-------+----------+-------------------------------------------
     0 | D        | Groucho the Deep Dwarf Fighter began the quest for the Orb.
     0 | D        | Reached XP level 1. HP: 20/20 MP: 1/1
    34 | D        | Noticed a scorpion
    63 | D        | Killed a scorpion
    63 | D        | Reached XP level 2. HP: 12/27 MP: 2/2
    63 | D        | Reached XP level 3. HP: 14/33 MP: 3/3
    68 | D        | Killed a hellion
    68 | D        | Killed a hellion
    94 | D        | Killed a hellion
   104 | D        | Killed a hellion
   116 | D        | Killed a hellion
   118 | D        | Killed a hellion
   188 | D        | Killed a white draconian scorcher
   239 | D        | Killed a white draconian scorcher
   264 | D        | Reached XP level 4. HP: 21/40 MP: 4/4
   381 | D        | Noticed a water elemental
   388 | D        | Killed a water elemental
   469 | D        | Killed a yaktaur
   523 | D        | Killed a yaktaur
   620 | D        | Found a radiant altar of Vehumet.
   621 | D        | Found a deep blue altar of Sif Muna.
   621 | D        | Found an ancient bone altar of Kikubaaqudgha.
   621 | D        | Noticed a wizard
   623 | D        | Killed a wizard
   623 | D        | Reached XP level 5. HP: 23/46 MP: 5/5
   647 | D        | Found a glowing silver altar of Zin.
   653 | D        | Found a hide-covered altar of Uskayaw.
   653 | D        | Found an iron altar of Okawaru.
   657 | D        | Noticed a human
   659 | D        | Noticed a human
   675 | D        | Gained mutation: You are covered in fur. (AC +1) [potion of
                  | mutation]
   675 | D        | Gained mutation: Your mind is acute. (Int +2) [potion of
                  | mutation]
   689 | D        | Killed a human
   689 | D        | Reached skill level 5 in Shields
   689 | D        | Reached XP level 6. HP: 26/57 MP: 6/6
   704 | D        | Killed a human
   704 | D        | Reached skill level 5 in Fighting
   704 | D        | Reached skill level 10 in Axes
   704 | D        | Reached skill level 10 in Armour
   708 | D        | Found a roughly hewn altar of Beogh.
   708 | D        | Found a bloodstained altar of Trog.
   708 | D        | Found an ornate altar of the Wu Jian Council.
   842 | D        | Noticed a shadow
   848 | D        | Killed a shadow
   848 | D        | Reached XP level 7. HP: 23/68 MP: 7/7
   995 | D        | Found a blossoming altar of Fedhas.
   995 | D        | Found a stormy altar of Qazlal.
   996 | D        | Found a snail-covered altar of Cheibriados.
   996 | D        | Found a burning altar of Makhleb.
   996 | D        | Found a hazy altar of Hepliaklqana.
   996 | D        | Found a shimmering altar of Xom.
   996 | D        | Found an opulent altar of Gozag.
   996 | D        | Found a sparkling altar of Nemelex Xobeh.
   996 | D        | Found a corrupted altar of Lugonu.
   996 | D        | Found a viscous altar of Jiyva.
   996 | D        | Noticed a spatial vortex
  1000 | D        | Became a worshipper of Makhleb the Destroyer
  1016 | D        | Found a shadowy altar of Dithmenos.
  1024 | D        | Found a basalt altar of Yredelemnul.
  1024 | D        | Found a sacrificial altar of Ru.
  1038 | D        | Found a glowing golden altar of the Shining One.
  1038 | D        | Found a white marble altar of Elyvilon.
  1038 | D        | Noticed a deep elf mage
  1048 | D        | Killed a deep elf mage
  1048 | D        | Reached * piety under Makhleb
  1048 | D        | Reached XP level 8. HP: 54/80 MP: 7/7
  1113 | D        | Noticed Erica
  1132 | D        | Killed a yaktaur
  1139 | D        | HP: 2/80 [something (6)]
  1152 | D        | Killed Erica
  1159 | D        | Found Nohakoz's Distillery.
  1159 | D        | Noticed an orc knight
  1180 | D        | Reached ** piety under Makhleb
  1186 | D        | HP: 3/82 [orc knight/+0 great sword (20)]
  1190 | D        | Reached *** piety under Makhleb
  1191 | D        | Reached skill level 10 in Shields
  1197 | D        | Killed an orc knight
  1197 | D        | Gained mutation: You passively map the area around you.
                  | [Deep Dwarf growth]
  1197 | D        | Reached XP level 9. HP: 67/90 MP: 6/6
  1208 | D        | Reached **** piety under Makhleb
  1243 | D        | Reached ***** piety under Makhleb
  1277 | D        | Bought a potion of heal wounds for 70 gold pieces
  1277 | D        | Bought a potion of resistance for 140 gold pieces
  1277 | D        | Bought a potion of curing for 42 gold pieces
  1277 | D        | Bought a potion of curing for 42 gold pieces
  1368 | D        | Noticed a deep elf mage
  1368 | D        | Noticed a deep elf mage
  1368 | D        | Noticed a deep elf mage
  1368 | D        | Noticed a deep elf mage
  1368 | D        | Noticed a deep elf mage
  1378 | D        | Killed a deep elf mage
  1389 | D        | Killed a deep elf mage
  1417 | D        | Killed a deep elf mage
  1417 | D        | Reached skill level 1 in Invocations
  1438 | D        | Killed a deep elf mage
  1439 | D        | Killed from afar by a deep elf mage

Skill      XL: |  1  2  3  4  5  6  7  8  9 |
---------------+----------------------------+-----
Axes           | 6 8 9 10 11 12 13 | 13.7
Armour         | 6 7 8 9 10 11 13 | 13.9
Fighting       | 4 5 7 8 9 |  9.9
Shields        | 5 6 8 10 11 | 11.6
Invocations    | 3 |  3.3

Action                   |  1- 3 |  4- 6 |  7- 9 || total
-------------------------+-------+-------+-------++-------
Melee: War axe           |    39 |    53 |   154 ||   246
Invok: Lesser Servant of |       |       |     3 ||     3
 Abil: Heal Wounds       |       |     1 |     9 ||    10
  Use: Potion            |     1 |     5 |     3 ||     9
       Scroll            |       |       |     1 ||     1
  Eat: Ration            |       |       |     1 ||     1
Armor: Scale mail        |     9 |    16 |    35 ||    60
Dodge: Dodged            |    14 |    20 |    25 ||    59
Block: Shield            |    14 |    18 |    41 ||    73
